 Dungeon Crawl Stone Soup version 0.22-a0-429-g97ce8ef (webtiles) character file.

17554 emperorscorpion the Covert (level 12, -4/65 HPs)
             Began as a Vine Stalker Berserker on May 25, 2018.
             Was a Priest of Trog.
             Slain by a komodo dragon (7 damage)
             ... while paralysed by a hornet
             ... on level 5 of the Lair of Beasts.
             The game lasted 00:19:45 (5842 turns).

emperorscorpion the Covert (Vine Stalker Berserker) Turns: 5842, Time: 00:19:45

Health: -4/65      AC:  9    Str: 23    XL:     12   Next: 49%
Magic:  0/14       EV:  2    Int:  7    God:    Trog [***...]
Gold:   489        SH:  0    Dex: 24    Spells: 11/11 levels left

rFire    . . .     SeeInvis .   a - +9 quick blade of Cruel Justice {pierce, rC+ Str+4}
rCold    + . .     Gourm    .   E - +0 buckler
rNeg     + . .     Faith    .   j - +1 troll leather armour
rPois    .         Spirit   +   (no helmet)
rElec    .         Reflect  .   (no cloak)
rCorr    .         Harm     .   m - +2 pair of gloves
MR       +....                  (no boots)
Stlth    +++++++...             H - amulet of the Princeling {Regen+ Str-2 Dex+6}
HPRegen  1.80/turn              l - ring of stealth
MPRegen  0.14/turn              F - ring "Nyesuc" {rN+ Stlth+}

@: paralysed, lethally poisoned (-4 -> -5), berserk cooldown, slowed
A: fangs 3, regeneration 2, magic shield, antimagic bite, no potion heal 3, rot
immunity
a: Berserk, Trog's Hand, Renounce Religion


You were on level 5 of the Lair of Beasts.
You worshipped Trog.
Trog was most pleased with you.
You were not hungry.

You visited 2 branches of the dungeon, and saw 17 of its levels.

You collected 533 gold pieces.
You spent 44 gold pieces at shops.

Inventory:

Hand Weapons
 a - the +9 quick blade of Cruel Justice (weapon) {pierce, rC+ Str+4}
   (You took it off an orc on level 8 of the Dungeon)

   It inflicts extra damage upon your enemies.
   It affects your strength (+4).
   It protects you from cold.
 n - a +5 rapier
 q - a +0 short sword
Armour
 b - a +0 animal skin
 g - a +0 ring mail
 j - a +1 troll leather armour (worn)
 k - a +0 shield
 m - a +2 pair of gloves (worn)
 E - a +0 buckler (worn)
Jewellery
 l - a ring of stealth (left hand)
 o - an uncursed amulet of faith
 v - an uncursed ring of wizardry
 y - the amulet "Foiz" {Inacc Dex+2}
   (You found it on level 8 of the Dungeon)

   [amulet of inaccuracy]

   It reduces the accuracy of all your attacks.
   It affects your dexterity (+2).
 A - an uncursed amulet of magic regeneration {unknown}
 B - an uncursed amulet of regeneration {unknown}
 D - the ring of Odehicitz {rPois rC+ Int+4}
   (You took it off a tengu warrior on level 10 of the Dungeon)

   [ring of protection from cold]

   It affects your intelligence (+4).
   It protects you from cold.
   It protects you from poison.
 F - the ring "Nyesuc" (right hand) {rN+ Stlth+}
   (You found it on level 10 of the Dungeon)

   [ring of stealth]

   It protects you from negative energy.
   It makes you more stealthy.
 G - the ring "Majupuh" {rF+ rC- rN+ Stlth-, unknown}
   (You found it on level 10 of the Dungeon)

   [ring of loudness]

   It protects you from fire.
   It makes you vulnerable to cold.
   It protects you from negative energy.
   It makes you less stealthy.
 H - the amulet of the Princeling (around neck) {Regen+ Str-2 Dex+6}
   (You found it on level 10 of the Dungeon)

   [amulet of regeneration]

   It affects your strength (-2).
   It affects your dexterity (+6).
   It increases your rate of regeneration.
 M - a cursed -2 ring of strength {unknown}
 O - an uncursed amulet of the acrobat {unknown}
Wands
 e - a wand of flame (19)
 u - a wand of polymorph (14)
 w - a wand of digging (12)
 z - a wand of random effects (41)
 J - a wand of disintegration (18)
Scrolls
 h - 2 scrolls of magic mapping
 i - a scroll of silence
 p - 2 scrolls of amnesia
 s - 2 scrolls of enchant weapon
 C - 3 scrolls of teleportation
 I - 5 scrolls of remove curse
 N - 2 scrolls of enchant armour
Potions
 d - 2 potions of heal wounds
 f - 5 potions of curing
 r - a potion of degeneration {unknown}
 t - a potion of resistance {unknown}
 x - 2 potions of agility
 L - a potion of flight {unknown}
Comestibles
 c - 33 rations
 K - a chunk of flesh


   Skills:
 + Level 8.2 Fighting
 - Level 10.2 Short Blades
 + Level 6.1 Armour
 + Level 6.4 Dodging
 + Level 11.8 Stealth
 * Level 4.8 Shields
 + Level 1.5 Evocations


You had 11 spell levels left.
You didn't know any spells.
Your spell library contained the following spells:

 Spells                   Type           Power        Failure   Level  Hunger
 Summon Small Mammal      Summ           #...         45%         1    ##.....
 Summon Ice Beast         Ice/Summ       #.......     99%         4    #####..
 Call Imp                 Summ           #.......     61%         2    ###....
 Call Canine Familiar     Summ           #.......     83%         3    ####...
 Summon Lightning Spire   Summ/Air       #.......     99%         4    #####..
 Summon Guardian Golem    Hex/Summ       #.......     83%         3    ####...


Dungeon Overview and Level Annotations

Branches:
Dungeon (11/15)            Temple (0/1) D:6            Lair (6/6) D:8
  Slime (0/5) Lair:6
  Swamp: Lair:2-4    Shoals: Lair:2-4     Snake: Lair:2-4    Spider: Lair:2-4
    Orc: D:9-12

Altars:
The Shining One
Jiyva

Shops:
D:5 *

Portals:
Trove: D:10 (give +3 shadow dragon scales)


Innate Abilities, Weirdness & Mutations

You have razor-sharp teeth.
You heal very quickly.
When hurt, damage is shared between your health and your magic reserves.
Your bite disrupts and absorbs the magic of your enemies.
Potions cannot restore your health.
You are immune to rotting.


Message History

Okay, then.
Okay, then.
The hornet stings you!
* * * LOW HITPOINT WARNING * * *
You feel as though you will be slow longer.
The hornet misses you.
The crocodile bites you but does no damage.
The hornet barely misses you. The elephant tramples you.
* * * LOW HITPOINT WARNING * * *
You stumble backwards!
Okay, then.
The komodo dragon bites you.
* * * LOW HITPOINT WARNING * * *
The hornet stings you!
* * * LOW HITPOINT WARNING * * *
You are poisoned.
You feel as though you will be slow longer.
You feel sick. The hornet stings you.
You suddenly lose the ability to move!
The komodo dragon bites you!
You die...

.......P#...#.#
....................
.....................
.....................
.....................
.....................
....................
#....(.Y..†........
#.@lt.>P.P#....
#..y.....### #
#P.Y.......#.
##...........#
###.......###
##.......# ##......#
.......# ##.......


You could see 2 elephants, a komodo dragon, a hornet and a crocodile.

Vanquished Creatures
  Josephine (Lair:5)
  A tengu warrior (D:10)
  2 two-headed ogres
  A skeletal warrior (D:10)
  An unseen horror (D:10)
  A cyclops (D:10)
  An ugly thing (D:11)
  An elephant (Lair:5)
  Joseph (D:8)
  A black mamba (Lair:6)
  3 spiny frogs
  A rime drake (Lair:5)
  A komodo dragon (Lair:3)
  A troll (D:9)
  A queen bee (D:9)
  2 hornets
  A wind drake (Lair:5)
  3 blink frogs (Lair:4)
  A hippogriff (Lair:5)
  5 wraiths
  5 yaks
  3 hogs (D:8)
  A vampire mosquito (D:8)
  A basilisk (D:9)
  A human (D:8)
  A steam dragon (D:11)
  An acid dragon (D:10)
  2 water moccasins
  3 orc warriors
  A black bear (D:10)
  A sky beast (D:10)
  2 necrophages
  5 ogres
  2 phantoms
  4 centaurs
  4 crocodiles
  2 big kobolds
  8 bullfrogs
  A water moccasin zombie (D:10)
  5 scorpions
  34 killer bees
  5 crimson imps
  A centaur zombie (D:9)
  7 hounds
  3 orc priests
  A bullfrog skeleton (D:8)
  2 jellies
  6 orc wizards
  2 iguanas (D:8)
  Jessica (D:3)
  5 centaur skeletons
  11 worker ants
  A hound zombie (D:4)
  A howler monkey zombie (D:8)
  2 worker ant zombies (D:7)
  A howler monkey skeleton (D:5)
  6 adders
  4 shadow imps
  An adder skeleton (D:8)
  4 worms
  A dart slug (D:1)
  19 orcs
  A ball python (D:4)
  2 bats
  7 giant cockroaches
  3 goblins
  A hobgoblin (D:3)
  A quokka (D:2)
  2 frilled lizards (D:2)
  A jackal zombie (D:8)
  7 kobolds
  A quokka zombie (D:8)
  5 rats (D:1)
232 creatures vanquished.

Notes
Turn   | Place    | Note
-------+----------+-------------------------------------------
     0 | D:1      | emperorscorpion the Vine Stalker Berserker began the quest for the Orb.
     0 | D:1      | Reached XP level 1. HP: 11/11 MP: 2/2
   356 | D:1      | Reached XP level 2. HP: 16/16 MP: 3/3
   731 | D:3      | Reached XP level 3. HP: 20/20 MP: 4/4
   809 | D:4      | Gained mutation: Your natural rate of healing is unusually fast. [Vine Stalker growth]
   809 | D:4      | Reached XP level 4. HP: 10/24 MP: 3/5
   898 | D:4      | Noticed a centaur
   913 | D:4      | Killed a centaur
   913 | D:4      | Reached XP level 5. HP: 29/29 MP: 6/6
  1030 | D:4      | Reached ** piety under Trog
  1073 | D:5      | Entered Level 5 of the Dungeon
  1099 | D:5      | Noticed an ogre
  1106 | D:5      | Killed an ogre
  1106 | D:5      | Reached XP level 6. HP: 33/33 MP: 7/7
  1207 | D:3      | Noticed Jessica
  1212 | D:3      | Killed Jessica
  1384 | D:6      | Found a staircase to the Ecumenical Temple.
  1515 | D:5      | Found Rician's Assorted Antiques.
  1530 | D:5      | Bought a scroll labeled KAOHUCZ VIHORR for 22 gold pieces
  1530 | D:5      | Bought a scroll labeled QAUQIE ERGHAMEAGEO for 22 gold pieces
  1559 | D:5      | Found a glowing golden altar of the Shining One.
  1582 | D:6      | Reached skill level 1 in Stealth
  1652 | D:7      | Reached XP level 7. HP: 37/37 MP: 8/8
  1676 | D:7      | Reached skill level 5 in Short Blades
  1771 | D:8      | Reached skill level 2 in Stealth
  1771 | D:8      | Gained mutation: You have razor-sharp teeth. [Vine Stalker growth]
  1771 | D:8      | Reached XP level 8. HP: 42/42 MP: 9/9
  1772 | D:8      | Noticed a wraith
  1781 | D:8      | Killed a wraith
  1827 | D:8      | Found a transporter.
  1900 | D:8      | Found a transporter.
  1900 | D:8      | Found a transporter.
  1900 | D:8      | Found a transporter.
  1900 | D:8      | Found a transporter.
  1903 | D:8      | Found a transporter.
  1933 | D:8      | HP: 3/63 [vampire mosquito (2)]
  2037 | D:9      | Reached skill level 5 in Fighting
  2125 | D:9      | Noticed a troll
  2131 | D:9      | Killed a troll
  2184 | D:9      | Reached skill level 5 in Armour
  2184 | D:9      | Reached XP level 9. HP: 47/47 MP: 10/10
  2226 | D:9      | Noticed a two-headed ogre
  2248 | D:9      | Killed a two-headed ogre
  2248 | D:9      | Reached skill level 3 in Stealth
  2303 | D:8      | Reached *** piety under Trog
  2454 | D:8      | Found a staircase to the Lair.
  2751 | D:8      | Reached **** piety under Trog
  2860 | D:8      | Noticed Joseph
  2877 | D:8      | Killed Joseph
  2877 | D:8      | Reached skill level 4 in Stealth
  2877 | D:8      | Reached XP level 10. HP: 53/53 MP: 11/11
  3293 | D:8      | Got a scintillating garnet amulet
  3448 | D:9      | Reached skill level 5 in Dodging
  3639 | D:9      | Reached ***** piety under Trog
  3703 | D:8      | Got a transparent quick blade {pierce}
  3704 | D:8      | Identified the +9 quick blade of Cruel Justice {pierce, rC+ Str+4} (You took it off an orc on level 8 of the Dungeon)
  3809 | D:9      | Reached skill level 10 in Short Blades
  4037 | D:10     | Entered Level 10 of the Dungeon
  4088 | D:10     | Reached XP level 11. HP: 58/58 MP: 12/12
  4119 | D:10     | Reached skill level 5 in Stealth
  4133 | D:10     | Reached skill level 1 in Evocations
  4143 | D:10     | Noticed a cyclops
  4147 | D:10     | Noticed a tengu warrior
  4152 | D:10     | Noticed a skeletal warrior
  4153 | D:10     | Reached skill level 1 in Shields
  4160 | D:10     | Killed a skeletal warrior
  4160 | D:10     | Reached skill level 6 in Stealth
  4167 | D:10     | Killed a tengu warrior
  4172 | D:10     | Killed a cyclops
  4174 | D:10     | Received a gift from Trog
  4194 | D:10     | Got a crude tin ring
  4213 | D:10     | Killed an unseen horror
  4213 | D:10     | Reached skill level 7 in Stealth
  4223 | D:10     | Got a smoking turquoise ring
  4225 | D:10     | Identified the ring "Nyesuc" {rN+ Stlth+} (You found it on level 10 of the Dungeon)
  4227 | D:10     | Identified the ring of Odehicitz {rPois rC+ Int+4} (You took it off a tengu warrior on level 10 of the Dungeon)
  4232 | D:10     | Got a wavering steel ring
  4245 | D:10     | Got a coiled ivory amulet
  4402 | D:10     | Found a portal to a secret trove of treasure.
  4835 | D:11     | Reached skill level 8 in Stealth
  4842 | D:11     | Found the +8 Wrath of Trog {antimagic, *Rage}
  4847 | D:11     | Noticed a two-headed ogre
  4851 | D:11     | Killed a two-headed ogre
  4882 | D:11     | Noticed a cyan ugly thing
  4890 | D:11     | Killed a cyan ugly thing
  4986 | Lair:1   | Entered Level 1 of the Lair of Beasts
  5054 | Lair:1   | Reached skill level 9 in Stealth
  5144 | Lair:3   | Gained mutation: You heal very quickly. [Vine Stalker growth]
  5144 | Lair:3   | Reached XP level 12. HP: 54/64 MP: 14/14
  5175 | Lair:3   | Reached skill level 10 in Stealth
  5568 | Lair:5   | Identified the amulet "Foiz" {Inacc Dex+2} (You found it on level 8 of the Dungeon)
  5570 | Lair:5   | Identified the amulet of the Princeling {Regen+ Str-2 Dex+6} (You found it on level 10 of the Dungeon)
  5577 | Lair:5   | Noticed Josephine
  5614 | Lair:5   | Killed Josephine
  5614 | Lair:5   | Reached skill level 11 in Stealth
  5645 | Lair:6   | Entered Level 6 of the Lair of Beasts
  5724 | Lair:6   | Found a runed door.
  5728 | Lair:6   | Found a viscous altar of Jiyva.
  5728 | Lair:6   | Found a staircase to the Slime Pits.
  5841 | Lair:5   | HP: 2/65 [hornet (8)]
  5842 | Lair:5   | Paralysed by a hornet for 1 turns
  5842 | Lair:5   | Slain by a komodo dragon

Vault maps used:
D:1:      lightli_arrival_lavapool, serial_park_tiny_1, grunt_decor_resistance,
          minmay_misc_feat_x, serial_park_tiny_2
D:3:      amethyst_overflow_temple_binary, first_ration, uniq_grinder,
          uniq_jessica
D:4:      st_stairs_6
D:5:      basic_altar, serial_shops, nicolae_shop_window_shopping
D:6:      kennysheep_windowed_halls, grunt_temple_overflow_open,
          minmay_temple_entry_trees, uniq_sigmund
D:8:      gammafunk_the_bubble, lair_entry_dummy, grunt_livestock, uniq_joseph
D:10:     minmay_the_grid_triangle_9x9_rhombus_thin_mashed, enter_trove_0
D:11:     kennysheep_orc_monster_closet_entryway, serial_column_ruins,
          column_ruins_circle_medium, column_ruins_grid_2, column_ruins_grid_3,
          column_ruins_grid_3, column_ruins_grid_1, column_ruins_open_small
Lair:1:   enter_volcano_3, grunt_megastairs_4
Lair:2:   small_statue_intersection
Lair:3:   guppyfry_snake_entry_garden, lemuel_fruit_tree
Lair:4:   elwin_shoals_entry_stream, lab_entry_generic
Lair:5:   minmay_holes, uniq_josephine
Lair:6:   gammafunk_lair_ancient_temple, slime_altar_2, bh_autumn_forest_stairs

Skill      XL: |  1  2  3  4  5  6  7  8  9 10 11 12 |
---------------+-------------------------------------+-----
Short Blades   | 3 4 5 6 8 10 | 10.2
Fighting       | 3 4 5 6 7 8 |  8.2
Armour         | 2 3 5 6 |  6.1
Dodging        | 2 3 4 5 6 |  6.4
Stealth        | 1 2 4 9 11 | 11.8
Evocations     | 1 |  1.5
Shields        | 3 4 |  4.8

Action                   |  1- 3 |  4- 6 |  7- 9 | 10-12 || total
-------------------------+-------+-------+-------+-------++-------
Melee: Short sword       |    61 |    25 |       |       ||    86
       Bite              |    18 |    21 |    55 |   138 ||   232
       Rapier            |       |    38 |   173 |   165 ||   376
       Quick blade       |       |       |       |   231 ||   231
Invok: Berserk           |     2 |     3 |     8 |     4 ||    17
       Trog's Hand       |       |       |       |     1 ||     1
Evoke: Wand              |       |       |       |     9 ||     9
  Use: Scroll            |       |     9 |     2 |     3 ||    14
       Potion            |       |       |     4 |     1 ||     5
 Stab: Sleeping          |       |     1 |     1 |    26 ||    28
       Paralysed         |       |       |       |     6 ||     6
       Distracted        |       |       |       |     1 ||     1
  Eat: Chunk             |     1 |     6 |    11 |    14 ||    32
Armor: Ring mail         |    17 |    24 |    36 |       ||    77
       Animal skin       |     2 |       |       |       ||     2
       Troll leather arm |       |       |    15 |    55 ||    70
       Skin              |       |       |       |    65 ||    65
Dodge: Dodged            |    39 |    37 |   126 |   134 ||   336
Block: Shield            |       |       |       |     9 ||     9
       Buckler           |       |       |       |    31 ||    31

Table legend:
 A = Spawn XP
 B = Non-spawn XP
 C = Spawn XP percentage of total XP
 D = Spawn monster count
 E = Non-spawn monster count
 F = Spawn count percentage of total count
 G = Total turns spent on level
                    A         B        C        D         E        F      G
               +---------+---------+-------+---------+---------+-------+---------
         Total |       0 |   25078 |   0.0 |       0 |     232 |   0.0 |  5842
               +---------+---------+-------+---------+---------+-------+---------
           D:1 |       0 |      18 |   0.0 |       0 |      11 |   0.0 |   454
           D:2 |       0 |      15 |   0.0 |       0 |       7 |   0.0 |   242
           D:3 |       0 |      50 |   0.0 |       0 |       7 |   0.0 |   181
           D:4 |       0 |     209 |   0.0 |       0 |      13 |   0.0 |   369
           D:5 |       0 |     154 |   0.0 |       0 |       4 |   0.0 |   322
           D:6 |       0 |      32 |   0.0 |       0 |       1 |   0.0 |    65
           D:7 |       0 |     504 |   0.0 |       0 |      12 |   0.0 |   157
           D:8 |       0 |    4023 |   0.0 |       0 |      58 |   0.0 |  1346
           D:9 |       0 |    3948 |   0.0 |       0 |      42 |   0.0 |   939
          D:10 |       0 |    5506 |   0.0 |       0 |      31 |   0.0 |   701
          D:11 |       0 |    2593 |   0.0 |       0 |      17 |   0.0 |   210
        Lair:1 |       0 |     403 |   0.0 |       0 |       1 |   0.0 |   122
        Lair:2 |       0 |     107 |   0.0 |       0 |       1 |   0.0 |    19
        Lair:3 |       0 |    1762 |   0.0 |       0 |       7 |   0.0 |   151
        Lair:4 |       0 |    1348 |   0.0 |       0 |       5 |   0.0 |   256
        Lair:5 |       0 |    3528 |   0.0 |       0 |      11 |   0.0 |   146
        Lair:6 |       0 |     878 |   0.0 |       0 |       4 |   0.0 |   162
               +---------+---------+-------+---------+---------+-------+---------
